 Dungeon Crawl Stone Soup version 0.25-a0-448-g1f46b9f714 (webtiles) character file.

Game seed: 15855506999967003074, levelgen mode: deterministic

717 kae the Changer (level 7, -1/52 HPs)
             Began as a Black Draconian Transmuter on Jan 31, 2020.
             Slain by a hippogriff (4 damage)
             ... on level 4 of the Dungeon.
             The game lasted 00:03:01 (3363 turns).

kae the Changer (Black Draconian Transmuter)        Turns: 3363, Time: 00:03:01

Health: -1/52      AC:  2    Str: 13    XL:     7   Next: 42%
Magic:  6/10       EV: 19    Int: 13    God:
Gold:   131        SH:  0    Dex: 18    Spells: 4/10 levels left

rFire    . . .     SeeInvis .     - Unarmed
rCold    + . .     Gourm    .   (shield currently unavailable)
rNeg     . . .     Faith    .   (armour unavailable)
rPois    x         Spirit   .   (helmet currently unavailable)
rElec    .         Reflect  .   (cloak currently unavailable)
rCorr    .         Harm     .   (gloves currently unavailable)
MR       .....                  (boots currently unavailable)
Stlth    ++........             k - amulet of regeneration
HPRegen  0.57/turn              m - ring of protection from cold
MPRegen  0.12/turn              (no ring)

@: short of breath, spider-form
A: tiny, (breathe lightning), unfitting armour, AC +6
a: End Transformation


You were on level 4 of the Dungeon.
You were very hungry.
You were a venomous arachnid creature.
You visited 1 branch of the dungeon, and saw 5 of its levels.

You collected 131 gold pieces.

Inventory:

Missiles
 a - 84 arrows
Armour
 p - a +1 pair of gloves (melded)
 u - a scarf of resistance (melded)
Jewellery
 k - an amulet of regeneration (around neck)
 m - a ring of protection from cold (left front leg)
Scrolls
 f - 3 scrolls of teleportation
 g - a scroll of fog
 h - 2 scrolls of blinking
 l - a scroll of remove curse
 n - a scroll of enchant armour
Potions
 b - a potion of lignification
 d - 2 potions of cancellation
 e - a potion of haste
 i - 3 potions of agility {unknown}
 j - 2 potions of might
 q - 2 potions of ambrosia {unknown}
 r - a potion of magic {unknown}
 s - a potion of berserk rage {unknown}
 t - a potion of curing {unknown}
Comestibles
 c - 8 rations


   Skills:
 - Level 1.1 Fighting
 - Level 1.7 Dodging
 + Level 5.5 Unarmed Combat
 - Level 2.0 Spellcasting
 * Level 7.0 Transmutations


You had 4 spell levels left.
You knew the following spells:

 Your Spells              Type           Power        Failure   Level  Hunger
a - Beastly Appendage     Tmut           ###...       6%          1    ##.....
b - Sticks to Snakes      Tmut           ###.....     9%          2    ###....
c - Spider Form           Tmut/Pois      ##........   38%         3    ####...

Your spell library contained the following spells:

 Spells                   Type           Power        Failure   Level  Hunger
 Ice Form                 Ice/Tmut       ##......     73%         4    #####..
 Blade Hands              Tmut           ###.......   58%         5    ######.


Dungeon Overview and Level Annotations

Branches:
Dungeon (5/15)
 Temple: D:4-7

Altars:
Cheibriados
Ru
Vehumet


Innate Abilities, Weirdness & Mutations

((You can breathe wild blasts of lightning.))
((Your glossy black scales are hard. (AC +6)))
You cannot fit into any form of body armour.
((You are resistant to electric shocks. (rElec)))
((You are cold-blooded and may be slowed by cold attacks.))


Message History

You hit the hippogriff.
The hippogriff looks as sick as possible!
The hippogriff is severely wounded.
The hippogriff completely misses you. The hippogriff misses you.
The hippogriff completely misses you.
You hit the hippogriff.
The hippogriff looks as sick as possible!
The hippogriff is almost dead.
The hippogriff misses you. The hippogriff pecks you.
* * * LOW HITPOINT WARNING * * *
The hippogriff misses you.
You hit the hippogriff.
The hippogriff looks as sick as possible!
The hippogriff is almost dead.
The hippogriff bites you.
* * * LOW HITPOINT WARNING * * *
The hippogriff pecks you.
* * * LOW HITPOINT WARNING * * *
The hippogriff claws you.
You die...

#........######....
#..................
#........#########.
#..............# #.
##+##.########.# #.
#.##.# #.# #.
##.##.########.# #.
#...........##.###.
#Hs................
#.>................
#...........#####..
#...........# #..
#...........# #..
#...........# #..
#...........# #.)
#...........# ##.
#...........# #.


You could see a hippogriff.

Vanquished Creatures
  Prince Ribbit (D:5)
  Edmund (D:4)
  A bullfrog zombie (D:3)
  A hound (D:4)
  An orc priest (D:3)
  An iguana (D:4)
  4 worker ants
  A howler monkey skeleton (D:4)
  4 gnolls (D:3)
  11 adders
  An ooze (D:3)
  A worm (D:2)
  2 leopard geckos
  4 orcs
  2 giant cockroaches
  7 hobgoblins
  6 jackals (D:4)
  A quokka (D:4)
  4 bats
  2 frilled lizards
  4 goblins
  5 kobolds
  4 rats
69 creatures vanquished.

Notes
Turn   | Place    | Note
-------+----------+-------------------------------------------
     0 | D:1      | kae the Draconian Transmuter began the quest for the Orb.
     0 | D:1      | Reached XP level 1. HP: 16/16 MP: 3/3
   429 | D:1      | Reached XP level 2. HP: 23/23 MP: 5/5
   895 | D:2      | Reached skill level 3 in Transmutations
  1019 | D:2      | Reached XP level 3. HP: 28/28 MP: 4/6
  1046 | D:2      | Found a snail-covered altar of Cheibriados.
  1056 | D:2      | Found a radiant altar of Vehumet.
  1753 | D:3      | Reached XP level 4. HP: 35/35 MP: 5/7
  1763 | D:3      | Learned a level 2 spell: Sticks to Snakes
  1767 | D:3      | Learned a level 3 spell: Spider Form
  1797 | D:3      | Reached skill level 4 in Transmutations
  1908 | D:3      | Reached XP level 5. HP: 21/40 MP: 4/8
  2297 | D:3      | Reached skill level 5 in Transmutations
  2644 | D:4      | Reached XP level 6. HP: 46/47 MP: 9/9
  2722 | D:4      | Noticed Edmund
  2751 | D:4      | Killed Edmund
  2751 | D:4      | Reached skill level 5 in Unarmed Combat
  2751 | D:4      | Reached skill level 6 in Transmutations
  3094 | D:4      | Found a sacrificial altar of Ru.
  3326 | D:5      | Entered Level 5 of the Dungeon
  3330 | D:5      | Noticed Prince Ribbit
  3336 | D:5      | Your scales start taking on a glossy black colour.
  3336 | D:5      | Reached XP level 7. HP: 52/52 MP: 6/10
  3336 | D:5      | Gained mutation: You are resistant to electric shocks.
                  | (rElec) [Black Draconian growth]
  3345 | D:5      | Killed Prince Ribbit
  3345 | D:5      | Reached skill level 7 in Transmutations
  3346 | D:5      | Noticed a hippogriff
  3363 | D:4      | Slain by a hippogriff

Levels and vault maps discovered:
D:1:      mrwooster_arrival_statue_2, layout_basic, minmay_pentomino_x2
D:2:      layout_basic, cheibriados_altar_1, fiery_altar_vehumet
D:3:      layout_basic, first_ration
D:4:      layout_basic, nicolae_ru_awakened_eye, uniq_edmund
D:5:      layout_basic, kennysheep_ying_yang, overflow_temple_1_default,
          minmay_manual_mess, uniq_prince_ribbit1

Skill      XL: |  1  2  3  4  5  6  7 |
---------------+----------------------+-----
Transmutations | 3 4 5 6 7 |  7.0
Unarmed Combat | 4 5 |  5.5
Fighting       | |  1.1
Dodging        | |  1.7
Spellcasting   | |  2.0

Action                   |  1- 3 |  4- 6 |  7- 9 || total
-------------------------+-------+-------+-------++-------
Melee: Unarmed           |    92 |   166 |    13 ||   271
       Tailslap          |    11 |    11 |       ||    22
       Kick              |     5 |     3 |       ||     8
       Headbutt          |     5 |     6 |       ||    11
       Punch             |     2 |     4 |       ||     6
 Cast: Beastly Appendage |    20 |     5 |       ||    25
       Spider Form       |       |    11 |     1 ||    12
 Abil: Breathe Lightning |       |       |     1 ||     1
  Use: Scroll            |     3 |     7 |       ||    10
  Eat: Chunk             |     3 |     6 |       ||     9
Armor: Skin              |    31 |    36 |     3 ||    70
Dodge: Dodged            |    57 |   134 |    18 ||   209

Table legend:
 A = Non-vault XP
 B = Vault XP
 C = Vault XP percentage of total XP
 D = Non-vault monster count
 E = Vault monster count
 F = Vault count percentage of total count
                 A         B        C        D         E       F
            +---------+---------+-------+---------+---------+-------
      Total |     567 |     458 |  44.7 |      64 |       5 |   7.2
            +---------+---------+-------+---------+---------+-------
        D:1 |      13 |       1 |   7.1 |       8 |       1 |  11.1
        D:2 |      80 |       0 |   0.0 |      18 |       0 |   0.0
        D:3 |     266 |       0 |   0.0 |      21 |       0 |   0.0
        D:4 |     195 |     162 |  45.4 |      16 |       1 |   5.9
        D:5 |      13 |     295 |  95.8 |       1 |       3 |  75.0
            +---------+---------+-------+---------+---------+-------
